 Dungeon Crawl Stone Soup version 0.25.1-2-g60ff931df9 (webtiles) character file.

Game seed: 6747243056934789405

296 solopath the Chiller (level 6, -5/41 HPs)
             Began as a Barachi Ice Elementalist on Nov 1, 2020.
             Killed from afar by an orc wizard (10 damage)
             ... with a magic dart
             ... on level 3 of the Dungeon on Nov 2, 2020.
             The game lasted 00:04:45 (2905 turns).

solopath the Chiller (Barachi Ice Elementalist)     Turns: 2905, Time: 00:04:46

Health: -5/41      AC:  2    Str:  6    XL:     6   Next: 34%
Magic:  4/11       EV: 12    Int: 17    God:
Gold:   163        SH:  0    Dex: 12    Spells: 4/12 levels left

rFire    x . .     SeeInvis .   b - +1 dagger
rCold    + . .     Gourm    .   (no shield)
rNeg     . . .     Faith    .   a - +0 robe
rPois    .         Spirit   .   (no helmet)
rElec    .         Reflect  .   (no cloak)
rCorr    .         Harm     .   (no gloves)
MR       .....                  (no boots)
Stlth    ++........             (no amulet)
HPRegen  0.13/turn              j - ring of ice
MPRegen  0.12/turn              m - -4 ring of strength (curse)

@: can't hop, stab, slow
A: +LOS, swims, slowness 1, strong legs 1
a: Hop


You were on level 3 of the Dungeon.
You were hungry.

You visited 1 branch of the dungeon, and saw 3 of its levels.

You collected 163 gold pieces.

Inventory:

Hand Weapons
 b - a +1 dagger (weapon)
Armour
 a - a +0 robe (worn)
Jewellery
 j - a ring of ice (left hand)
 m - a cursed -4 ring of strength (right hand)
Wands
 l - a wand of flame (23)
Scrolls
 d - 3 scrolls of identify
 s - a scroll of enchant armour {unknown}
Potions
 e - 2 potions of curing
 f - a potion of flight {unknown}
 g - 2 potions of magic {unknown}
 k - a potion of stabbing
 n - a potion of mutation {unknown}
 o - a potion of might {unknown}
 p - a potion of resistance {unknown}
 q - a potion of lignification {unknown}
 r - a potion of invisibility {unknown}
Comestibles
 c - 5 rations
 i - a chunk of flesh


   Skills:
 + Level 0.5 Short Blades
 - Level 2.1 Dodging
 + Level 3.4 Stealth
 + Level 3.6 Spellcasting
 + Level 0.7 Summonings
 * Level 7.1 Ice Magic


You had 4 spell levels left.
You knew the following spells:

 Your Spells              Type           Power        Failure   Level  Hunger
a - Freeze                Ice            ####         1%          1    None
b - Frozen Ramparts       Ice            #####.       2%          3    ###....
c - Summon Ice Beast      Ice/Summ       ###.....     32%         4    ####...

Your spell library contained the following spells:

 Spells                   Type           Power        Failure   Level  Hunger
 Ozocubu's Armour         Chrm/Ice       ###.....     12%         3    ###....
 Hailstorm                Conj/Ice       ###.....     36%         4    ####...


Dungeon Overview and Level Annotations

Branches:
Dungeon (3/15)

Altars:
Kikubaaqudgha
Nemelex Xobeh
Zin
The Shining One


Innate Abilities, Weirdness & Mutations

You can be seen from farther away. (+LOS)
You can swim through water.
You cover ground slowly.
You can hop short distances.


Message History

The wall freezes the bullfrog zombie but do no damage.
The bullfrog zombie completely resists.
The wall freezes the bullfrog zombie but do no damage.
The bullfrog zombie hits you.
* * * LOW HITPOINT WARNING * * *
Unknown command.
You feel better.
The bullfrog zombie resists.
The wall freezes the bullfrog zombie.
The bullfrog zombie hits you!
* * * LOW HITPOINT WARNING * * *
It was a potion of cancellation.
Your magical effects are unravelling.
You feel magically purged.
The frozen ramparts melt away.
The bullfrog zombie barely misses you.
An orc comes into view. It is wielding a +0 flail.
It was a potion of stabbing.
You feel ready to backstab. The bullfrog zombie barely misses you.
The orc wizard gestures at you while chanting.
The magic dart hits you!
You die...

### #.# #.# #
#####.###########.####
#...................oo
#.###.###.##.....o....
#.# #.# #.##@####..#..
#.# #.###.##Z# #####.#
#[.......## ...##.#
#.........# ...##.#
#..##.#†.##
...##.###..##.#..#
...##.....>.......
...'......###.#...#
...######## #.#....


You could see an orc wizard, an orc (wandering) and a bullfrog zombie.

Vanquished Creatures
  A bullfrog (D:3)
  2 orc priests (D:3)
  Natasha (thrice) (D:2)
  4 adders
  2 worms
  3 dart slugs (D:1)
  2 leopard geckos
  2 orcs (D:3)
  9 bats
  2 giant cockroaches
  8 goblins
  5 hobgoblins
  6 frilled lizards
  2 kobolds
  4 rats
55 creatures vanquished.

Notes
Turn   | Place    | Note
-------+----------+-------------------------------------------
     0 | D:1      | solopath the Barachi Ice Elementalist began the quest for
                  | the Orb.
     0 | D:1      | Reached XP level 1. HP: 13/13 MP: 3/3
   178 | D:1      | Reached skill level 5 in Ice Magic
   184 | D:1      | Reached XP level 2. HP: 15/19 MP: 0/5
   538 | D:1      | Reached XP level 3. HP: 16/24 MP: 0/6
  1348 | D:2      | Noticed Natasha
  1358 | D:2      | Killed Natasha
  1358 | D:2      | Reached skill level 6 in Ice Magic
  1358 | D:2      | Reached XP level 4. HP: 11/30 MP: 0/8
  1450 | D:2      | Noticed Natasha
  1462 | D:2      | Killed Natasha
  1641 | D:2      | Noticed Natasha
  1663 | D:2      | Killed Natasha
  1663 | D:2      | Reached XP level 5. HP: 25/35 MP: 6/9
  1806 | D:2      | Found an ancient bone altar of Kikubaaqudgha.
  1922 | D:2      | Found a glowing golden altar of the Shining One.
  1930 | D:2      | Learned a level 3 spell: Frozen Ramparts
  1935 | D:2      | Learned a level 4 spell: Summon Ice Beast
  2123 | D:2      | Found a glowing silver altar of Zin.
  2600 | D:3      | Reached XP level 6. HP: 39/41 MP: 6/11
  2780 | D:3      | Found a sparkling altar of Nemelex Xobeh.
  2897 | D:3      | Reached skill level 7 in Ice Magic
  2905 | D:3      | Killed from afar by an orc wizard

Illustrated notes

Levels and vault maps discovered:
D:1:      psy_arrival_conway, layout_basic, minmay_cupped
D:2:      layout_rooms, lemuel_coloured_pillars_altar,
          chequers_temple_overflow_statue_of_worship, corexii_hall_statues_i,
          uniq_natasha
D:3:      layout_basic, nemelex_altar_shiori, nicolae_ru_sacrificial_ziggurat

Skill      XL: |  1  2  3  4  5  6 |
---------------+-------------------+-----
Ice Magic      | 5 6 7 |  7.1
Stealth        | 2 3 |  3.4
Spellcasting   | 3 |  3.6
Short Blades   | |  0.5
Dodging        | |  2.1
Summonings     | |  0.7

Action                   |  1- 3 |  4- 6 || total
-------------------------+-------+-------++-------
Melee: Dagger            |    40 |    39 ||    79
       Unarmed           |     2 |       ||     2
 Cast: Freeze            |    26 |    36 ||    62
       Frozen Ramparts   |       |     3 ||     3
 Abil: Hop               |       |     2 ||     2
  Use: Scroll            |     3 |       ||     3
       Potion            |       |     3 ||     3
 Stab: Sleeping          |     6 |     2 ||     8
  Eat: Chunk             |     2 |     5 ||     7
Armor: Robe              |    10 |    17 ||    27
Dodge: Dodged            |    23 |    49 ||    72
